 Dungeon Sprint DCSS version 0.31-a0-851-g7ff8af7976 (webtiles) character file.

Game seed: 13974495813673140848

2195 sircluck the Grappler (level 9, -7/102 HPs)
             Began as a Troll Berserker on Oct 5, 2023.
             Was a Priest of Trog.
             Mangled by a small abomination (19 damage)
             ... in the Dungeon (Sprint VII: "The Pits").
             The game lasted 00:01:15 (232 turns).

sircluck the Grappler (Troll Berserker)              Turns: 232, Time: 00:01:16

Health: -7/102     AC:  5    Str: 31    XL:     9   Next: 12%
Magic:  8/8        EV: 12    Int:  3    God:    Trog [***...]
Gold:   0          SH:  0    Dex:  9    Spells: 8/8 levels left

rFire   . .          .
                       - Unarmed
rCold   . . .        (no shield)
rNeg    . . .        h - +0 troll leather armour
rPois   .            (helmet restricted)
rElec   .            (no cloak)
rCorr   .            (gloves unavailable)
SInv    .            (boots unavailable)
Will    .....        (no amulet)
Stlth   +            (no ring)
HPRegen 1.97/turn    (no ring)
MPRegen 0.11/turn

%: no teleportation
@: no status effects
A: large, unfitting armour, claws 3, regeneration 1, shaggy fur 1, tough skin 1
a: Renounce Religion, Berserk, Trog's Hand


You were in the Dungeon.
You worshipped Trog.
Trog was most pleased with you.
You visited 1 branch

Inventory:

Armour
 a - a +0 animal skin
 h - a +0 troll leather armour (worn)
Scrolls
 g - a scroll of blinking
Potions
 b - a potion of curing
 d - a potion of haste
 e - 2 potions of magic
 f - a potion of berserk rage


   Skills:
 + Level 10.6 Fighting
 + Level 10.4 Dodging
 + Level 12.3 Unarmed Combat


You had 8 spell levels left.
You didn't know any spells.
Your spell library was empty.

Dungeon Overview and Level Annotations

Branches:
Dungeon (1/1)

Altars:


Innate Abilities, Weirdness & Mutations

You are too large for most types of armour.
You have claws for hands.
Your natural rate of healing is unusually fast.
You are covered in fur. (AC +1)
You have tough skin. (AC +1)


Message History

Unknown command.
Unknown command.
You scratch something but do no damage. You claw something.
Trog accepts your kill.
Reactivating autopickup.
You feel a bit more experienced. The small abomination hits you!!
* * * LOW HITPOINT WARNING * * *
You scratch the small abomination.
The small abomination is moderately damaged.
The small abomination misses you.
Unknown command.
Unknown command.
Unknown command.
You scratch the small abomination but do no damage.
The small abomination is moderately damaged.
The small abomination misses you.
Unknown command.
Unknown command.
Unknown command.
Unknown command.
You scratch the small abomination but do no damage.
The small abomination is moderately damaged.
The small abomination hits you!
* * * LOW HITPOINT WARNING * * *
Unknown command.
Unknown command.
Unknown command.
You feel much better.
The small abomination closely misses you.
The small abomination hits you!
* * * LOW HITPOINT WARNING * * *
Unknown command.
You claw the small abomination!
The small abomination is severely damaged.
The small abomination hits you.
* * * LOW HITPOINT WARNING * * *
You claw the small abomination!
The small abomination is almost destroyed.
The small abomination hits you!!
You die...

'#####''######
....##''# ####
....##..## ##..+
....##...## ##..#
<...###...##+##..##
....# ##...†).....##
....# #..###+###...#
....##..##.....##..#
######..'.....yx@..+
#..##.....##..# ##.
###'###...# ## ....
..## ..##'# ..## ..
... #. . ... ## ####


You could see a hornet and a small abomination.

Vanquished Creatures
  A deep troll (D)
  A flayed ghost (D)
  A tyrant leech (D)
  2 tarantellas (D)
  A hornet (D)
  A shadow (D)
  A redback (D)
  A centaur (D)
  A hound (D)
10 creatures vanquished.

Notes
Turn   | Place    | Note
-------+----------+-------------------------------------------
     0 | D        | sircluck the Troll Berserker began the quest for the Orb.
     0 | D        | Reached XP level 1. HP: 22/22 MP: 0/0
    16 | D        | Noticed a centaur
    16 | D        | Noticed a flayed ghost
    24 | D        | Noticed a tyrant leech
    28 | D        | Killed a flayed ghost
    29 | D        | Reached skill level 9 in Unarmed Combat
    29 | D        | Reached XP level 2. HP: 21/41 MP: 1/1
    29 | D        | Reached XP level 3. HP: 25/48 MP: 2/2
    29 | D        | Reached XP level 4. HP: 30/57 MP: 3/3
    29 | D        | Reached XP level 5. HP: 33/63 MP: 4/4
    29 | D        | Reached XP level 6. HP: 38/72 MP: 5/5
    34 | D        | Killed a tyrant leech
    35 | D        | Reached XP level 7. HP: 43/81 MP: 6/6
    77 | D        | Noticed a tarantella
    80 | D        | Reached ** piety under Trog
    81 | D        | Reached skill level 10 in Unarmed Combat
    92 | D        | Killed a tarantella
   133 | D        | Noticed a deep troll
   144 | D        | Killed a deep troll
   145 | D        | Reached skill level 11 in Unarmed Combat
   145 | D        | Reached XP level 8. HP: 93/93 MP: 7/7
   199 | D        | Noticed a hornet
   206 | D        | Reached skill level 10 in Fighting
   208 | D        | Killed a hornet
   208 | D        | Reached *** piety under Trog
   209 | D        | Reached skill level 10 in Dodging
   211 | D        | Noticed a hornet
   212 | D        | Noticed a small abomination
   213 | D        | Noticed a tarantella
   221 | D        | Killed a tarantella
   222 | D        | Reached skill level 12 in Unarmed Combat
   222 | D        | Reached XP level 9. HP: 59/102 MP: 8/8
   229 | D        | HP: 3/102 [small abomination (9)]
   232 | D        | Mangled by a small abomination

Illustrated notes

Levels and vault maps discovered:
D:        pitsprint [storerooms_1, entrance_room_1, metal_vault_5, armoury_3,
          mini_pit_1, grid_room_1, main_hall_1, silver_pit, the_coven_2,
          the_vestibule_1, steel_vault_1, golden_pit, hallway_of_sentries,
          crystal_vault_2, iron_vault_4, final_vault]

Skill      XL: |  1  2  3  4  5  6  7  8 |
---------------+-------------------------+-----
Fighting       | 7 8 9 10 | 10.6
Dodging        | 7 8 9 10 | 10.4
Unarmed Combat | 9 11 12 | 12.3

Action                     |  1- 3 |  4- 6 |  7- 9 || total
---------------------------+-------+-------+-------++-------
  Melee: Unarmed           |     8 |     6 |    37 ||    51
         Punch             |       |     1 |     2 ||     3
 Invoke: Berserk           |     1 |       |     1 ||     2
    Use: Potion            |       |       |     1 ||     1
 Armour: Animal skin       |     2 |     1 |    10 ||    13
         Troll leather arm |       |       |    19 ||    19
  Dodge: Dodged            |     2 |     1 |    24 ||    27

Table legend: (Time is in decaauts)
 A = Elapsed time spent in this place.
 B = Non-inter-level travel time spent in this place.
 C = Inter-level travel time spent in this place.
 D = Time resting spent in this place.
 E = Time spent auto-exploring this place.
 F = Levels seen in this place.
 G = Mean time per level.
                   A        B        C        D        E       F      G
               +--------+--------+--------+--------+--------+-----+--------+
         Total |    238 |    238 |      0 |    126 |     16 |   1 |  238.0 |
       Dungeon |    238 |    238 |      0 |    126 |     16 |   1 |  238.0 |
               +--------+--------+--------+--------+--------+-----+--------+

Top non-repeatable levels by time:
       D: 238 daAuts
